 Dungeon Crawl Stone Soup version 0.31.0-9-g3a7656b989 (webtiles) character file.

Game seed: 17688872684792592037

48 Killerpretzel the Ducker (level 3, -4/16 HPs)
             Began as a Felid Air Elementalist on Feb 3, 2024.
             Killed from afar by Sigmund (7 damage)
             ... with a puff of flame
             ... on level 2 of the Dungeon.
             The game lasted 00:05:41 (1170 turns).

Killerpretzel the Ducker (Felid Air Elementalist)   Turns: 1170, Time: 00:05:42

Health: -4/16      AC:  1    Str:  4    XL:     3   Next: 50%
Magic:  7/7        EV: 18    Int: 20    God:
Gold:   69         SH:  0    Dex: 16    Spells: 3/6 levels left
                                        Lives:  0   Deaths: 1

rFire   . . .        (weapon unavailable)
rCold   . . .        (shield unavailable)
rNeg    . . .        (body armour unavailable)
rPois   .            (helmet unavailable)
rElec   .            (cloak unavailable)
rCorr   .            (gloves unavailable)
SInv    +            (boots unavailable)
Will    .....        f - amulet of magic regeneration
Stlth   ++           (no ring)
HPRegen 0.22/turn    (no ring)
MPRegen 0.50/turn

%: no passive effects
@: no status effects
A: very small, claws 1, fangs 3, see invisible, shaggy fur 1, stealthy paws, no
weapons or thrown items, no armour, multi-lived
a: no special abilities


You were on level 2 of the Dungeon.
You visited 1 branch of the dungeon, and saw 2 of its levels.

You collected 69 gold pieces.

Inventory:

Jewellery
 f - an amulet of magic regeneration (around neck)
Talismans
 b - a flux talisman
Scrolls
 c - a scroll of identify
Potions
 a - a potion of magic
 e - 2 potions of lignification
 g - a potion of degeneration
 h - a potion of haste {unknown}
 i - a potion of ambrosia {unknown}


   Skills:
 + Level 3.3 Dodging
 - Level 3.2 Stealth
 + Level 2.3 Spellcasting
 + Level 1.4 Conjurations
 * Level 3.1 Air Magic
 + Level 0.2 Shapeshifting


You had 3 spell levels left.
You knew the following spells:

 Your Spells              Type           Power      Damage    Failure   Level
a - Shock                 Conj/Air       44%        1d5       6%          1
b - Static Discharge      Conj/Air       22%        3-4/arc   9%          2

Your spell library contained the following spells:

 Spells                   Type           Power      Damage    Failure   Level
 Swiftness                Air            14%        N/A       13%         3
 Lesser Beckoning         Tloc           4%         N/A       22%         2
 Gell's Gravitas          Tloc           2%         N/A       41%         3
 Teleport Other           Tloc           2%         N/A       41%         3
 Airstrike                Air            7%         2d(1-17)  38%         4


Dungeon Overview and Level Annotations

Branches:
Dungeon (2/15)

Altars:

Annotations:
D:2 Sigmund


Innate Abilities, Weirdness & Mutations

You have sharp claws.
You have razor-sharp teeth.
You have supernaturally acute eyesight. (SInv)
You are covered in fur. (AC +1)
Your paws help you pounce on unaware monsters.
You are incapable of wielding weapons or throwing items.
You cannot wear armour.
You gain extra lives every three experience levels.


Message History

Press: ? - help, Shift-Dir - straight line, f/p - giant cockroach
Aim: a giant cockroach (heavily wounded, 68% to hit)
The zap misses the giant cockroach.
Sigmund the Dreaded comes into view.
He is wielding a +0 scythe.
Sigmund gestures at you while chanting.
You are confused.
You're too confused to move!
The giant cockroach barely misses you.
Your magical contamination has completely faded away.
The giant cockroach attacks as it pursues you!
The giant cockroach bites you.
You feel less confused.
The giant cockroach attacks as it pursues you!
The giant cockroach closely misses you.
Sigmund gestures wildly while chanting.
Sigmund flickers and vanishes for a moment.
The giant cockroach barely misses you.
The giant cockroach attacks as it pursues you!
The giant cockroach barely misses you.
The giant cockroach attacks as it pursues you!
The giant cockroach bites you.
Sigmund flickers, as though insubstantial.
The giant cockroach misses you.
Sigmund is suddenly surrounded by pale blue light.
The gnoll shouts!
The gnoll hits you from afar with a +0 halberd!
Ouch! That really hurt!
* * * LOW HITPOINT WARNING * * *
The giant cockroach misses you. The gnoll closely misses you.
The giant cockroach attacks as it pursues you!
The giant cockroach completely misses you.
Okay, then.
The giant cockroach attacks as it pursues you!
The giant cockroach bites you.
* * * LOW HITPOINT WARNING * * *
The giant cockroach misses you.
Sigmund points at you and mumbles some strange words.
The puff of flame hits you!
You die...
Sigmund begins carving another notch in his scythe.

.# #.# .. #.# .... #.# ..........
#########.# ####.........
........#.#######...[......>. #..
##........##.>.....g.....?... #..
#######...........# .......###^.
##..............@B.###.....##....
........###........g...###.##.#..
##.###### #.............##......#
#.......†#@...#.....###
#...................##.
#......................
#......................
....$........##.........
..............##.........


You could see Sigmund (invisible), 2 gnolls and a giant cockroach.

Vanquished Creatures
  2 gnolls (D:2)
  5 endoplasms
  2 giant cockroaches (D:1)
  A hobgoblin (D:1)
  3 quokkas (D:1)
  2 ball pythons (D:1)
  2 bats (D:1)
  3 frilled lizards (D:1)
  3 goblins (D:1)
  A kobold (D:1)
  4 rats (D:1)
28 creatures vanquished.

Notes
Turn   | Place    | Note
-------+----------+-------------------------------------------
     0 | D:1      | Killerpretzel the Felid Air Elementalist began the quest
                  | for the Orb.
     0 | D:1      | Reached XP level 1. HP: 9/9 MP: 4/4
    88 | D:1      | Found a faded altar of an unknown god.
   118 | D:1      | Reached skill level 1 in Conjurations
   259 | D:1      | Reached XP level 2. HP: 7/13 MP: 1/6
  1075 | D:2      | Slain by a gnoll
  1075 | D:2      | Lost a life (0 lives remaining)
  1079 | D:2      | Learned a level 2 spell: Static Discharge
  1108 | D:2      | Reached XP level 3. HP: 9/16 MP: 2/7
  1147 | D:2      | Noticed Sigmund
  1170 | D:2      | Killed from afar by Sigmund

Illustrated notes

Levels and vault maps discovered:
D:1:      minmay_arrival_semitransparent, layout_loops_ring,
          basic_ecumenical_altar
D:2:      layout_rooms, serial_aquarium, aquarium_bridge_square
          [aquarium_subvault_wall, aquarium_subvault_bridge,
          aquarium_subvault_balcony, aquarium_subvault_bridge],
          aquarium_window_1, aquarium_window_fake, aquarium_window_corridor_3,
          aquarium_window_fake, aquarium_view_2f, aquarium_view_4,
          aquarium_balcony_5a, minivault_25, uniq_sigmund

Skill      XL: |  1  2 |
---------------+-------+-----
Conjurations   | 1 |  1.4
Stealth        | 3 |  3.2
Dodging        | 3 |  3.3
Air Magic      | 3 |  3.1
Spellcasting   | |  2.3
Shapeshifting  | |  0.2

Action                     || total
---------------------------++-------
   Cast: Shock             ||    68
         Static Discharge  ||     1
    Use: Scroll            ||     6
 Armour: Skin              ||    10
  Dodge: Dodged            ||    16
